 Dungeon Crawl Stone Soup version 0.31-a0-473-g61b50ae490 (webtiles) character file.

Game seed: 10845584033452901925

183 Ofeo the Insei (level 5, -4/35 HPs)
             Began as an Octopode Shapeshifter on Aug 6, 2023.
             Slain by Grinder (6 damage)
             ... on level 3 of the Dungeon.
             The game lasted 00:01:44 (2249 turns).

Ofeo the Insei (Octopode Shapeshifter)              Turns: 2249, Time: 00:01:45

Health: -4/35      AC:  1    Str: 14    XL:     5   Next: 62%
Magic:  5/5        EV: 14    Int: 10    God:
Gold:   82         SH:  0    Dex: 15    Spells: 4/4 levels left

rFire   . .          .
                       - Unarmed
rCold   . . .        (no shield)
rNeg    . . .        (helmet currently unavailable)
rPois   .            e - amulet of regeneration
rElec   .            (no ring)
rCorr   .            (no ring)
SInv    .            (no ring)
Will    .....        (no ring)
Stlth   ++           (no ring)
HPRegen 1.05/turn    (no ring)
MPRegen 0.09/turn    (no ring)
                     (no ring)

%: no passive effects
@: beast-form
A: beast (slay +2), almost no armour, amphibious, 8 rings, camouflage 1,
gelatinous body 1, (nimble swimmer 1), tentacles
a: Begin Untransformation


You were on level 3 of the Dungeon.
You were a hulking beast.
You visited 1 branch of the dungeon, and saw 3 of its levels.

You collected 82 gold pieces.

Inventory:

Jewellery
 e - an amulet of regeneration (around mantle)
 f - a +5 ring of evasion
 j - a +6 ring of dexterity
 m - a +6 ring of strength
Talismans
 b - a beast talisman (active)
Wands
 k - a wand of paralysis (13)
Scrolls
 c - 2 scrolls of identify {unknown}
 d - a scroll of torment {unknown}
 h - a scroll of butterflies {unknown}
 l - a scroll of noise {unknown}
Potions
 a - 3 potions of lignification
 g - a potion of berserk rage {unknown}
 i - a potion of mutation {unknown}


   Skills:
 + Level 2.6 Fighting
 + Level 3.2 Dodging
 + Level 4.0 Unarmed Combat
 + Level 3.7 Shapeshifting


You had 4 spell levels left.
You didn't know any spells.
Your spell library was empty.

Dungeon Overview and Level Annotations

Branches:
Dungeon (3/15)

Altars:

Shops:
D:3 ?(:

Annotations:
D:3 Grinder


Innate Abilities, Weirdness & Mutations

You are a hulking beast.
Your limbs bulge with bestial killing power. (Slay +2)
You cannot wear most types of armour.
You are amphibious.
You can wear up to eight rings at the same time.
Your skin changes colour to match your surroundings (Stealth+).
Your rubbery body absorbs attacks. (AC +1, EV +1)
((You are camouflaged when in or above water. (Stealth+)))
You have tentacles for arms and can constrict up to eight enemies at once.


Message History

Grinder and a rat come into view.
Grinder gestures at you.
You suddenly lose the ability to move!
Grinder hits you.
You writhe in agony.
You can move again.
Unknown command.
You take 8 damage, and have 27/35 hp.
MASSIVE DAMAGE!!
Unknown command.
Unknown command.
You tentacle-slap Grinder. You grab Grinder.
Grinder is lightly wounded.
You constrict Grinder, but do no damage.
Grinder blinks free!
You tentacle-slap Grinder. Your grab misses Grinder.
Grinder is lightly wounded.
Grinder hits you but does no damage.
You tentacle-slap Grinder. Your grab misses Grinder.
Your squeeze misses Grinder.
Grinder is lightly wounded.
Grinder hits you.
You writhe in agony.
You take 4 damage, and have 25/35 hp.
You tentacle-slap Grinder but do no damage.
You grab Grinder. Your squeeze misses Grinder.
Grinder is lightly wounded.
You constrict Grinder. The rat barely misses you. Grinder gestures at you.
You resist with significant effort.
You tentacle-slap Grinder but do no damage.
You tentacle-slap Grinder.
Grinder is moderately wounded.
You constrict Grinder. The rat bites you but does no damage.
Grinder gestures at you. Pain shoots through your body!
You take 12 damage, and have 14/35 hp.
MASSIVE DAMAGE!!
You bludgeon Grinder! You tentacle-slap Grinder.
Grinder is severely wounded.
You constrict Grinder. The rat bites you. Grinder hits you!
* * * LOW HITPOINT WARNING * * *
You writhe in agony.
You die...

...... .......
. ....... ..
....... ...
....... ....
.......
.....#########.
.......
......r........
......)
########h...#
.......
.........5..+
.......
######<....#
....... ##....#
...§.§.
+.......
.......
#........
.......
#.....≈§≈
§≈≈§...
#.....§..
..(....
####..≈.♣
♣.≈§..


You could see Grinder and a rat.

Vanquished Creatures
  Jessica (D:3)
  Terence (D:2)
  Natasha (twice) (D:3)
  2 adders (D:2)
  A worm (D:2)
  3 dart slugs
  An orc (D:3)
  2 endoplasms
  A giant cockroach (D:1)
  4 hobgoblins
  5 quokkas
  5 ball pythons
  6 bats
  7 frilled lizards
  8 goblins
  3 kobolds (D:1)
  7 rats
59 creatures vanquished.

Notes
Turn   | Place    | Note
-------+----------+-------------------------------------------
     0 | D:1      | Ofeo the Octopode Shapeshifter began the quest for the Orb.
     0 | D:1      | Reached XP level 1. HP: 13/13 MP: 1/1
   122 | D:1      | Found a faded altar of an unknown god.
   200 | D:1      | Reached XP level 2. HP: 18/18 MP: 2/2
   875 | D:1      | Reached XP level 3. HP: 23/23 MP: 3/3
  1220 | D:2      | Noticed Terence
  1230 | D:2      | Killed Terence
  1231 | D:2      | Reached XP level 4. HP: 29/29 MP: 4/4
  2053 | D:3      | Noticed Natasha
  2053 | D:3      | Found Xosuuhyibb's Antique Weapon Emporium.
  2053 | D:3      | Found Qamu's Book Emporium.
  2053 | D:3      | Found Rianameu's Magic Scroll Shoppe.
  2057 | D:3      | Killed Natasha
  2058 | D:3      | Reached XP level 5. HP: 35/35 MP: 5/5
  2061 | D:3      | Noticed Natasha
  2067 | D:3      | Killed Natasha
  2075 | D:3      | Noticed Jessica
  2083 | D:3      | Killed Jessica
  2084 | D:3      | Reached skill level 4 in Unarmed Combat
  2240 | D:3      | Noticed Grinder
  2240 | D:3      | Paralysed by Grinder for 4 turns
  2249 | D:3      | Slain by Grinder

Illustrated notes

Levels and vault maps discovered:
D:1:      elethiomel_arrival_shortcut, layout_basic,
          shapermc_ecumenical_altar_venn, dk_noncrumbling_2, st_stairs_2,
          minmay_misc_feat_chi, serial_bayou_pond_a, minmay_close_crescents
D:2:      minmay_angry_zag, layout_basic, uniq_terence
D:3:      layout_basic, mainiacjoe_overflow_brackets, zin_angel, serial_shops,
          shop, shop, nicolae_shop_tiny_glass, shop,
          nicolae_shop_rolling_square, uniq_natasha, uniq_grinder, uniq_jessica

Skill      XL: |  1  2  3  4  5 |
---------------+----------------+-----
Fighting       | 2 |  2.6
Dodging        | 3 |  3.2
Unarmed Combat | 4 |  4.0
Shapeshifting  | |  3.7

Action                     |  1- 3 |  4- 6 || total
---------------------------+-------+-------++-------
  Melee: Unarmed           |    61 |    55 ||   116
         Constrict         |    15 |    17 ||    32
         Tentacles         |    11 |     9 ||    20
         Punch             |     3 |     3 ||     6
   Stab: Sleeping          |     7 |     7 ||    14
         Distracted        |     1 |       ||     1
 Armour: Skin              |    11 |     3 ||    14
  Dodge: Dodged            |    34 |    24 ||    58

Table legend: (Time is in decaauts)
 A = Elapsed time spent in this place.
 B = Non-inter-level travel time spent in this place.
 C = Inter-level travel time spent in this place.
 D = Time resting spent in this place.
 E = Time spent auto-exploring this place.
 F = Levels seen in this place.
 G = Mean time per level.
                   A        B        C        D        E       F      G
               +--------+--------+--------+--------+--------+-----+--------+
         Total |   2241 |   2152 |     89 |    105 |   1719 |   3 |  747.0 |
       Dungeon |   2241 |   2152 |     89 |    105 |   1719 |   3 |  747.0 |
               +--------+--------+--------+--------+--------+-----+--------+

Top non-repeatable levels by time:
     D:1: 1166 daAuts
     D:2: 1021 daAuts
     D:3: 53 daAuts
